 Dungeon Crawl Stone Soup version 0.19.1-1-g22dce08 (webtiles) character file.

232 theAP the Skirmisher (level 6, -6/55 HPs)
             Began as a Hill Orc Fighter on Jan 14, 2017.
             Mangled by theAP's ghost (8 damage)
             ... on level 3 of the Dungeon.
             The game lasted 00:05:36 (2111 turns).

theAP the Skirmisher (Hill Orc Fighter)             Turns: 2111, Time: 00:05:37

Health: -6/55      AC:  8    Str: 21    XL:     6   Next: 4%
Magic:  6/6        EV:  8    Int:  8    God:
Gold:   56         SH:  9    Dex:  6    Spells: 0 memorised, 5 levels left

rFire  . . .     SeeInvis .     a - +1 long sword
rCold  . . .     Gourm    .     b - +0 scale mail
rNeg   . . .     Faith    .     c - +1 shield
rPois  .         Spirit   .     i - +0 helmet
rElec  .         Reflect  .     (no cloak)
rCorr  .         Harm     .     (no gloves)
MR     .....                    (no boots)
Stlth  +.........               u - amulet of rage
                                (no ring)
                                q - ring of stealth

@: no status effects
A: clumsy 2, evolution 1
a: Evoke Berserk Rage


You were on level 3 of the Dungeon.
You were not hungry.

You visited 1 branch of the dungeon, and saw 3 of its levels.

You collected 56 gold pieces.

Inventory:

Hand Weapons
 a - a +1 long sword (weapon)
Armour
 b - a +0 scale mail (worn)
 c - a +1 shield (worn)
 i - a +0 helmet (worn)
Jewellery
 q - a ring of stealth (left hand)
 u - an amulet of rage (around neck)
Wands
 p - a wand of lightning (12/15)
 s - a wand of digging (13/24)
Scrolls
 e - a scroll of identify
 l - a scroll of remove curse
 r - a scroll of magic mapping {unknown}
 w - a scroll of recharging {unknown}
Potions
 d - a potion of might
 h - a potion of flight {unknown}
 j - a potion of agility {unknown}
 k - 2 potions of resistance
 n - a potion of brilliance
 o - a potion of magic
Books
 v - a book of Cantrips

   Spells                             Type                      Level
   a - Confusing Touch                Hexes                        1
   b - Animate Skeleton               Necromancy                   1
   c - Summon Small Mammal            Summoning                    1
   d - Apportation                    Translocation                1
Comestibles
 f - 3 bread rations
 g - a beef jerky
 m - a meat ration
 t - a royal jelly


   Skills:
 + Level 4.8 Fighting
 * Level 4.6 Long Blades
 - Level 3.2 Armour
 + Level 2.5 Dodging
 - Level 3.2 Shields


You had 5 spell levels left.
You didn't know any spells.

Dungeon Overview and Level Annotations

Branches:
Dungeon (3/15)

Altars:
Fedhas
Kikubaaqudgha
Nemelex Xobeh
Okawaru
Qazlal
Sif Muna
Zin

Annotations:
D:3 theAP's ghost, amateur HOFi


Innate Abilities, Weirdness & Mutations

You are very clumsy. (Dex -4)
You evolve.


Message History

You hit theAP's ghost.
TheAP's ghost is moderately damaged.
TheAP's ghost hits you! TheAP's ghost hits you.
* * * LOW HITPOINT WARNING * * *
You slash theAP's ghost!
TheAP's ghost is heavily damaged.
TheAP's ghost hits you!
* * * LOW HITPOINT WARNING * * *
You closely miss theAP's ghost.
TheAP's ghost is heavily damaged.
TheAP's ghost hits you!
* * * LOW HITPOINT WARNING * * *
You hit theAP's ghost.
TheAP's ghost is heavily damaged.
TheAP's ghost hits you but does no damage.
You block theAP's ghost's attack.
You hit theAP's ghost.
TheAP's ghost is severely damaged.
TheAP's ghost hits you!
You die...

#.##########
#####.##........
#...........###.
....###.#######
## ##...# #...##
##..# ##.# #@#
#W# #'# .<. [..
..... .....
.......


You could see theAP's ghost.

Vanquished Creatures
  Ijyb (D:3)
  Natasha (thrice) (D:2)
  4 gnolls (D:3)
  3 adders (D:2)
  An ooze (D:2)
  2 dart slugs (D:1)
  A leopard gecko (D:2)
  2 orcs (D:3)
  A ball python (D:2)
  2 giant cockroaches
  4 goblins
  6 hobgoblins
  6 jackals
  7 kobolds
  3 quokkas
  8 bats
  3 frilled lizards
  3 rats
60 creatures vanquished.

Vanquished Creatures (others)
  4 toadstools (D:1)
4 creatures vanquished.

Grand Total: 64 creatures vanquished

Notes
Turn   | Place    | Note
-------+----------+-------------------------------------------
     0 | D:1      | theAP the Hill Orc Fighter began the quest for the Orb.
     0 | D:1      | Reached XP level 1. HP: 19/19 MP: 1/1
   130 | D:1      | Reached XP level 2. HP: 27/27 MP: 2/2
   719 | D:2      | Reached skill level 1 in Dodging
   724 | D:2      | Reached XP level 3. HP: 30/33 MP: 3/3
   726 | D:2      | Found a blossoming altar of Fedhas.
   727 | D:2      | Found a stormy altar of Qazlal.
   810 | D:2      | Found a glowing silver altar of Zin.
   916 | D:2      | Noticed Natasha
   922 | D:2      | Killed Natasha
   922 | D:2      | Reached XP level 4. HP: 40/40 MP: 4/4
   936 | D:2      | Found a sparkling altar of Nemelex Xobeh.
   937 | D:2      | Noticed Natasha
   945 | D:2      | Killed Natasha
   974 | D:2      | Noticed Natasha
   987 | D:2      | Killed Natasha
   987 | D:2      | Reached XP level 5. HP: 12/47 MP: 5/5
  1423 | D:2      | Found a deep blue altar of Sif Muna.
  1506 | D:2      | Gained mutation: You evolve. [potion of mutation]
  1506 | D:2      | Gained mutation: You are clumsy. (Dex -2) [potion of mutation]
  1506 | D:2      | Gained mutation: You are very clumsy. (Dex -4) [potion of mutation]
  1642 | D:3      | Found an iron altar of Okawaru.
  1643 | D:3      | Found an ancient bone altar of Kikubaaqudgha.
  1717 | D:3      | Noticed Ijyb
  1738 | D:3      | Killed Ijyb
  1738 | D:3      | Reached XP level 6. HP: 19/55 MP: 6/6
  2098 | D:3      | Noticed theAP's ghost (amateur HOFi)
  2109 | D:3      | HP: 2/55 [theAP's ghost (7)]
  2111 | D:3      | Mangled by theAP's ghost

Skill      XL: |  1  2  3  4  5 |
---------------+----------------+-----
Dodging        | 1 2 |  2.5
Long Blades    | 3 4 |  4.6
Fighting       | 4 |  4.8
Armour         | |  3.2
Shields        | |  3.2

Action                   |  1- 3 |  4- 6 || total
-------------------------+-------+-------++-------
Melee: Long sword        |    74 |   161 ||   235
  Use: Scroll            |       |    10 ||    10
       Potion            |       |     2 ||     2
  Eat: Chunk             |       |     4 ||     4
Armor: Scale mail        |    34 |    67 ||   101
Dodge: Dodged            |    21 |    56 ||    77
Block: Shield            |    42 |    77 ||   119
       Rpst.: Long sword |    11 |    20 ||    31
